 Dungeon Crawl Stone Soup version 0.31-a0-846-gb3bcc0d938 (webtiles) character file.

Game seed: 1371895067976512833

23 lonewolfV2 the Shield-Bearer (level 3, -7/30 HPs)
             Began as a Formicid Fighter on Oct 3, 2023.
             Killed by an exploding frilled lizard (24 damage)
             ... ignited by their inner flame
             ... on level 2 of the Dungeon.
             The game lasted 00:00:50 (816 turns).

lonewolfV2 the Shield-Bearer (Formicid Fighter)      Turns: 816, Time: 00:00:53

Health: -7/30      AC:  6    Str: 22    XL:     3   Next: 12%
Magic:  3/3        EV:  9    Int:  7    God:
Gold:   50         SH:  5    Dex: 13    Spells: 2/2 levels left

rFire   . . .        a - +0 war axe
rCold   . . .        c - +0 buckler
rNeg    . . .        b - +0 scale mail
rPois   .            (helmet unavailable)
rElec   .            (no cloak)
rCorr   .            (no gloves)
SInv    +            (no boots)
Will    .....        (no amulet) Stlth
                     (no ring)
HPRegen 0.25/turn    (no ring)
MPRegen 0.08/turn

%: no passive effects
@: no status effects
A: permanent stasis, dig shafts and tunnels, antennae 3, four strong arms
a: Dig, Shaft Self


You were on level 2 of the Dungeon.
You visited 1 branch of the dungeon, and saw 2 of its levels.

You collected 50 gold pieces.

Inventory:

Hand Weapons
 a - a +0 war axe (weapon)
Armour
 b - a +0 scale mail (worn)
 c - a +0 buckler (worn)
Potions
 d - a potion of might
 e - a potion of degeneration {unknown}
 h - 2 potions of enlightenment {unknown}


   Skills:
 + Level 3.7 Fighting
 + Level 2.3 Axes
 + Level 3.6 Armour
 + Level 0.2 Dodging
 + Level 4.2 Shields


You had 2 spell levels left.
You didn't know any spells.
Your spell library contained the following spells:

 Spells                   Type           Power      Damage    Failure   Level
 Tukima's Dance           Hex            0%         N/A       99%         3
 Passage of Golubria      Tloc           0%         N/A       100%        4
 Yara's Violent Unravell  Hex/Tmut       0%         3d3       100%        5


Dungeon Overview and Level Annotations

Branches:
Dungeon (2/15)

Altars:


Innate Abilities, Weirdness & Mutations

You cannot be hasted, slowed, berserked, paralysed or teleported.
You can dig through walls and to a lower floor.
You have a pair of large antennae on your head. (SInv)
Your four strong arms can wield two-handed weapons with a shield.


Message History

A goblin is nearby!
A goblin is nearby!
The goblin closely misses you.
You closely miss the goblin. You block the goblin's attack.
You barely miss the goblin. The goblin barely misses you.
The goblin hits you with a +0 club.
A goblin is nearby!
You slash the goblin!
You kill the goblin!
Things that are here:
a +0 club; a goblin corpse Key pressed, stopping explore.
Key pressed, stopping explore.
You see here a ring of see invisible.
Key pressed, stopping explore.
You enter the shallow water.
Moving in this stuff is going to be slow.
There is a staircase leading out of the dungeon here.
Done exploring.
Done exploring.
Done exploring.
Done exploring.
There is a stone staircase leading down here.
You climb downwards.
The frilled lizard hisses angrily.
Found a fuming grey potion and a kite shield.
Found a stone staircase leading down.
There is a stone staircase leading up here.
As you read the scroll labelled DUDEQ IRITH, it crumbles to dust.
The creatures around you are filled with an inner flame!
It was a scroll of immolation.
As you read the scroll labelled WOWONA QIMA, it crumbles to dust.
Your body is wracked with pain!
It was a scroll of torment.
You hit the frilled lizard.
Flame seeps out of the frilled lizard.
The frilled lizard is heavily wounded.
The frilled lizard is engulfed in blazing flames.
The frilled lizard explodes!
The fiery explosion engulfs you!!
Ouch! That really hurt!
You die...

. ...
.....####
#....§○@#
{
#....§§§#
#.......#
#........
#.......#
#....[..#
#.......#
#.......#


There were no monsters in sight!

Vanquished Creatures
  A dart slug (D:1)
  3 bats (D:1)
  2 endoplasms (D:1)
  5 goblins (D:1)
  2 hobgoblins (D:1)
  A quokka (D:1)
  A ball python (D:1)
  5 frilled lizards
  A kobold (D:1)
  A rat (D:1)
22 creatures vanquished.

Notes
Turn   | Place    | Note
-------+----------+-------------------------------------------
     0 | D:1      | lonewolfV2 the Formicid Fighter began the quest for the
                  | Orb.
     0 | D:1      | Reached XP level 1. HP: 18/18 MP: 1/1
   145 | D:1      | Reached XP level 2. HP: 24/24 MP: 2/2
   444 | D:1      | Reached XP level 3. HP: 30/30 MP: 3/3
   816 | D:2      | Killed by an exploding frilled lizard... ignited by their
                  | inner flame

Illustrated notes

Levels and vault maps discovered:
D:1:      ldierk_walled_garden, layout_basic, wad_floor_pattern_untrapped,
          st_stairs_14, kennysheep_boxes
D:2:      layout_rooms, uniq_crazy_yiuf_cottage

Action                     || total
---------------------------++-------
  Melee: War axe           ||    46
    Use: Scroll            ||     2
 Armour: Scale mail        ||    43
  Dodge: Dodged            ||    28
  Block: Buckler           ||    20

Table legend: (Time is in decaauts)
 A = Elapsed time spent in this place.
 B = Non-inter-level travel time spent in this place.
 C = Inter-level travel time spent in this place.
 D = Time resting spent in this place.
 E = Time spent auto-exploring this place.
 F = Levels seen in this place.
 G = Mean time per level.
                   A        B        C        D        E       F      G
               +--------+--------+--------+--------+--------+-----+--------+
         Total |    835 |    822 |     13 |      0 |    650 |   2 |  417.5 |
       Dungeon |    835 |    822 |     13 |      0 |    650 |   2 |  417.5 |
               +--------+--------+--------+--------+--------+-----+--------+

Top non-repeatable levels by time:
     D:1: 832 daAuts
     D:2: 2 daAuts
